 Dungeon Crawl Stone Soup version 0.29-a0-732-g3d7fbe0af2 (webtiles) character file.

Game seed: 4141871975854149268

774 coolguy69 the Cleaver (level 7, 0/57 HPs)
             Began as a Hill Orc Berserker on June 30, 2022.
             Was an Elder of Trog.
             Slain by a phantom (5 damage)
             ... on level 5 of the Dungeon.
             The game lasted 00:04:00 (5485 turns).

coolguy69 the Cleaver (Hill Orc Berserker)          Turns: 5485, Time: 00:04:01

Health: 0/57       AC:  8    Str: 22    XL:     7   Next: 84%
Magic:  7/7        EV: 10    Int:  7    God:    Trog [****..]
Gold:   223        SH:  0    Dex: 10    Spells: 6/6 levels left

rFire   . . .      SeeInvis .   q - +0 battleaxe
rCold   . . .      Faith    .   (shield currently unavailable)
rNeg    . . .      Spirit   .   d - +0 scale mail
rPois   .          Reflect  .   (no helmet)
rElec   .          Harm     .   (no cloak)
rCorr   .          Rampage  .   e - +0 pair of gloves
Will    .....                   p - +0 pair of boots
Stlth   ..........              (no amulet)
HPRegen 0.19/turn               (no ring)
MPRegen 0.10/turn               (no ring)

@: on berserk cooldown, slowed, very slow
A: no striking features
a: Renounce Religion, Berserk, Trog's Hand, Brothers in Arms


You were on level 5 of the Dungeon.
You worshipped Trog.
Trog was greatly pleased with you.
You visited 1 branch of the dungeon, and saw 5 of its levels.

You collected 301 gold pieces.
You spent 78 gold pieces at shops.

Inventory:

Hand Weapons
 q - a +0 battleaxe (weapon)
Armour
 d - a +0 scale mail (worn)
 e - a +0 pair of gloves (worn)
 p - a +0 pair of boots (worn)
Wands
 w - a wand of flame (14)
Scrolls
 c - 2 scrolls of enchant armour {unknown}
 f - 2 scrolls of teleportation {unknown}
 g - a scroll of poison {unknown}
 h - a scroll of vulnerability {unknown}
 l - 7 scrolls of identify {unknown}
 m - a scroll of summoning {unknown}
 n - a scroll of magic mapping {unknown}
 o - a scroll of noise {unknown}
 t - 2 scrolls of blinking {unknown}
 u - 2 scrolls of fear {unknown}
 y - a scroll of torment {unknown}
Potions
 a - a potion of heal wounds {unknown}
 b - 2 potions of lignification {unknown}
 i - a potion of flight {unknown}
 j - 3 potions of invisibility {unknown}
 k - 4 potions of curing {unknown}
 r - 3 potions of magic {unknown}
 s - a potion of ambrosia {unknown}
 v - a potion of degeneration {unknown}
 x - 2 potions of mutation {unknown}


   Skills:
 - Level 3.6 Fighting
 * Level 11.7 Axes
 - Level 2.1 Armour
 - Level 1.5 Dodging


You had 6 spell levels left.
You didn't know any spells.
Your spell library was empty.

Dungeon Overview and Level Annotations

Branches:
Dungeon (5/15)
 Temple: D:4-7

Altars:
Elyvilon

Shops:
D:2 *   D:4 *


Message History

You barely miss the kobold brigand.
You feel sick.
You closely miss the kobold brigand.
You feel sick. The kobold brigand closely misses you.
You barely miss the kobold brigand.
You feel sick.
The kobold brigand hits you with a +0 quarterstaff.
* * * LOW HITPOINT WARNING * * *
You closely miss the kobold brigand.
The kobold brigand hits you but does no damage.
You slice the kobold brigand!!
The kobold brigand is almost dead.
You feel sick.
The kobold brigand hits you but does no damage.
You slash the kobold brigand!
You kill the kobold brigand!
Trog accepts your kill.
You feel sick.
You are no longer poisoned.
The jelly barely misses you.
The iguana bites you but does no damage.
Things that are here:
a +0 quarterstaff; 6 poisoned darts; 8 gold pieces You slash the jelly!
Your hands burn!
* * * LOW HITPOINT WARNING * * *
The jelly is almost dead.
You slash the iguana! The jelly hits you but does no damage.
The iguana bites you!
* * * LOW HITPOINT WARNING * * *
You barely miss the jelly.
The jelly is almost dead.
You barely miss the iguana. The jelly barely misses you.
The iguana closely misses you.
You slice the jelly!!
You kill the jelly!
Trog accepts your kill.
You barely miss the iguana.
You are no longer berserk.
You are exhausted.
You feel yourself slow down. The iguana closely misses you.
The phantom hits you.
You die...

####..
########....#
##........#.##
#####..######..#.#
#............#.##.
#.########.#.#.###
#.#........#.#.# #
##)#.########.#.#
# #l@# #.#.# #
#.W# #.#.≈ # #..#
#.##≈ # #..# #.# ≈
#..# #..# ....
#.#.


You could see a phantom and an iguana.

Vanquished Creatures
  A black bear (D:4)
  A kobold brigand (D:5)
  2 scorpions
  3 hounds
  A jelly (D:5)
  4 orc priests
  An iguana (D:5)
  An orc wizard (D:3)
  7 adders
  A gnoll (D:5)
  2 shadow imps
  2 ufetubi (D:5)
  2 worms (D:2)
  3 dart slugs
  11 orcs
  9 ball pythons
  6 bats
  8 endoplasms
  3 giant cockroaches
  4 goblins
  6 hobgoblins
  13 jackals
  3 quokkas
  2 frilled lizards (D:1)
  12 kobolds
  4 rats
112 creatures vanquished.

Vanquished Creatures (others)
  2 plants (D:1)
2 creatures vanquished.

Grand Total: 114 creatures vanquished

Notes
Turn   | Place    | Note
-------+----------+-------------------------------------------
     0 | D:1      | coolguy69 the Hill Orc Berserker began the quest for the
                  | Orb.
     0 | D:1      | Reached XP level 1. HP: 19/19 MP: 1/1
   185 | D:1      | Reached XP level 2. HP: 22/26 MP: 2/2
   197 | D:1      | Reached skill level 5 in Axes
   382 | D:1      | Found a faded altar of an unknown god.
   489 | D:1      | Reached XP level 3. HP: 31/31 MP: 3/3
   513 | D:1      | Reached ** piety under Trog
  1133 | D:2      | Reached skill level 6 in Axes
  1185 | D:2      | Found Coclorir's General Store.
  1237 | D:2      | Reached XP level 4. HP: 34/39 MP: 4/4
  1464 | D:2      | Bought a +0 battleaxe for 78 gold pieces
  1987 | D:3      | Reached skill level 7 in Axes
  1987 | D:3      | Reached XP level 5. HP: 32/45 MP: 5/5
  3013 | D:3      | Reached skill level 8 in Axes
  3234 | D:4      | Found a white marble altar of Elyvilon.
  3257 | D:4      | Found Pidey's Overcharged Wands.
  3259 | D:4      | Reached *** piety under Trog
  3531 | D:4      | Reached XP level 6. HP: 31/51 MP: 6/6
  3552 | D:4      | Reached skill level 9 in Axes
  3972 | D:4      | Found the +8 whip "Snakebite" {venom, curare, rPois}
  3995 | D:4      | Reached skill level 10 in Axes
  4062 | D:4      | Noticed a black bear
  4067 | D:4      | Killed a black bear
  4068 | D:4      | Reached XP level 7. HP: 52/57 MP: 7/7
  4763 | D:5      | Entered Level 5 of the Dungeon
  4778 | D:5      | Reached skill level 11 in Axes
  5446 | D:5      | Reached **** piety under Trog
  5485 | D:5      | Slain by a phantom

Illustrated notes

Levels and vault maps discovered:
D:1:      dpeg_arrival_tiny_e, layout_loops_ring, ebering_ecumenical_altar_webs,
          serial_forest, infiniplex_forest_end_2,
          infiniplex_forest_clump_double, infiniplex_forest_pool,
          infiniplex_forest_end_2, infiniplex_forest_end_double
D:2:      layout_rooms, serial_shops, nicolae_shop_competitors_out_of_business,
          minmay_pentomino_q4
D:3:      layout_basic, serial_curves, eino_curves_02, eino_curves_03,
          hangedman_decor_points
D:4:      layout_basic, nicolae_overflow_crystal_walls, grunt_ministairs_9,
          nicolae_shop_overcharged_wands
D:5:      cheibrodos_thug_alley, layout_loops_cross, minivault_27, st_stairs_1

Skill      XL: |  1  2  3  4  5  6  7 |
---------------+----------------------+-----
Axes           | 5 6 7 8 10 11 | 11.7
Fighting       | |  3.6
Armour         | |  2.1
Dodging        | |  1.5

Action                   |  1- 3 |  4- 6 |  7- 9 || total
-------------------------+-------+-------+-------++-------
Melee: Hand axe          |    93 |    22 |       ||   115
       Punch             |     1 |       |       ||     1
       Battleaxe         |       |   153 |    66 ||   219
Invok: Berserk           |       |     1 |     1 ||     2
Armor: Scale mail        |    37 |    93 |    40 ||   170
       Animal skin       |     1 |       |       ||     1
Dodge: Dodged            |    31 |    92 |    44 ||   167

Table legend: (Time is in decaauts)
 A = Elapsed time spent in this place.
 B = Non-inter-level travel time spent in this place.
 C = Inter-level travel time spent in this place.
 D = Time resting spent in this place.
 E = Time spent auto-exploring this place.
 F = Levels seen in this place.
 G = Mean time per level.
                   A        B        C        D        E       F      G
               +--------+--------+--------+--------+--------+-----+--------+
         Total |   5551 |   5394 |    157 |    945 |   3717 |   5 | 1110.2 |
       Dungeon |   5551 |   5394 |    157 |    945 |   3717 |   5 | 1110.2 |
               +--------+--------+--------+--------+--------+-----+--------+

Top non-repeatable levels by time:
     D:4: 1587 daAuts
     D:3: 1402 daAuts
     D:1: 1099 daAuts
     D:5: 731 daAuts
     D:2: 731 daAuts
